| TOP OF THE 1ST |
|
Shreveport Braves batting - Pitching for Memphis Blues : RHP Francisco Reyes
|
|
Pitching: RHP Francisco Reyes
|
|
|
Batting: SHB Michael Lessard
|
0-0: Foul Ball, location: 2F 0-1: Swinging Strike 0-2: Ground out U3 (Groundball, 23, EV 85.0 MPH)
|
|
Batting: RHB Mark Naehring
|
0-0: Called Strike 0-1: Ball 1-1: Ball 2-1: Called Strike 2-2: Ground out 6-3 (Groundball, 6, EV 78.1 MPH)
|
|
Batting: LHB Rusty McNealy
|
0-0: Ball 1-0: Ground out 5-3 (Groundball, 56, EV 77.5 MPH)
|
| Top of the 1st over - 0 runs, 0 hits, 0 errors, 0 left on base; Shreveport 0 - Memphis 0 |
| BOTTOM OF THE 1ST |
|
Memphis Blues batting - Pitching for Shreveport Braves : RHP Ken Dixon
|
|
Pitching: RHP Ken Dixon
|
|
|
Batting: RHB Mariano Duncan
|
0-0: Ball 1-0: Called Strike 1-1: DOUBLE (Line Drive, 9LM, EV 111.3 MPH)
|
|
Batting: LHB John Robbins
|
0-0: Foul Ball, location: 2F 0-1: Ball Wild Pitch! Mariano Duncan to third 1-1: Called Strike 1-2: DOUBLE (Line Drive, 7LS, EV 88.8 MPH) Mariano Duncan scores
|
|
Batting: LHB David Christianson
|
0-0: Swinging Strike 0-1: Ball 1-1: Foul Ball, location: 2F 1-2: Ball 2-2: Foul Ball, location: 2F 2-2: Ball Wild Pitch! John Robbins to third 3-2: Strikes out looking
|
|
Batting: RHB Chris James
|
0-0: Ball 1-0: Swinging Strike 1-1: Ball 2-1: 2-RUN HOME RUN (Flyball, 7D, EV 95.6 MPH), Distance : 366 ft
|
|
Batting: RHB Randy Filkins
|
0-0: Ball 1-0: SINGLE (Groundball, 4D, EV 98.1 MPH)
|
|
Batting: RHB Augustine Garrett
|
0-0: Called Strike 0-1: Ball 1-1: Ball 2-1: Called Strike 2-2: Ball 3-2: Strikes out swinging Randy Filkins is caught stealing 2nd base 2-4 Batter strikes out.
|
| Bottom of the 1st over - 3 runs, 4 hits, 0 errors, 0 left on base; Shreveport 0 - Memphis 3 |
| TOP OF THE 2ND |
|
Shreveport Braves batting - Pitching for Memphis Blues : RHP Francisco Reyes
|
|
Batting: LHB Tracy Dophied
|
0-0: Ball 1-0: SOLO HOME RUN (Flyball, 9D, EV 106.3 MPH), Distance : 378 ft
|
|
Batting: RHB Glenn Walker
|
0-0: Ball 1-0: SINGLE (Flyball, 5D, EV 88.8 MPH)
|
|
Batting: RHB Scott Ullger
|
0-0: Called Strike 0-1: Fielders Choice at 2nd, 5-4 (Groundball, 56, EV 85.6 MPH)
|
|
Batting: RHB Les Pearsey
|
0-0: Swinging Strike 0-1: Foul Ball, location: 2F 0-2: Strikes out swinging
|
|
Batting: RHB Jeff Matthews
|
0-0: Ball 1-0: Foul Ball, location: 2F 1-1: Ball 2-1: Ball 3-1: Foul Ball, location: 2F 3-2: Reached on error, E4 (Groundball, 4, EV 86.9 MPH) Scott Ullger to second
|
|
Batting: RHB John Lickert
|
0-0: Ball 1-0: Called Strike 1-1: Ball 2-1: Swinging Strike 2-2: Fly out, F8 (Flyball, 8RM, EV 90.6 MPH)
|
| Top of the 2nd over - 1 run, 2 hits, 1 error, 2 left on base; Shreveport 1 - Memphis 3 |
| BOTTOM OF THE 2ND |
|
Memphis Blues batting - Pitching for Shreveport Braves : RHP Ken Dixon
|
|
Batting: LHB Don Jacoby
|
0-0: Hit by Pitch
|
|
Batting: RHB Bradley Shames
|
0-0: Ball 1-0: Fielders Choice at 2nd, 3-6 (Groundball, 34, EV 106.3 MPH)
|
|
Batting: RHB William Muth
|
0-0: Fielders Choice at 2nd, 4-6 (Groundball, 34, EV 100.6 MPH)
|
|
Batting: RHB Mariano Duncan
|
0-0: Ball 1-0: Ball 2-0: Ball 3-0: Base on Balls William Muth to second
|
|
Batting: LHB John Robbins
|
0-0: Called Strike 0-1: Ball 1-1: Called Strike 1-2: Ball 2-2: Strikes out swinging
|
| Bottom of the 2nd over - 0 runs, 0 hits, 0 errors, 2 left on base; Shreveport 1 - Memphis 3 |
| TOP OF THE 3RD |
|
Shreveport Braves batting - Pitching for Memphis Blues : RHP Francisco Reyes
|
|
Batting: SHB Michael Lessard
|
0-0: Foul Ball, location: 2F 0-1: Ball 1-1: Foul Ball, location: 2F 1-2: Ball 2-2: Ball 3-2: Base on Balls
|
|
Batting: RHB Mark Naehring
|
0-0: Fly out, F3 (Popup, 3SF, EV 83.1 MPH)
|
|
Batting: LHB Rusty McNealy
|
0-0: Ball 1-0: Called Strike 1-1: Ball 2-1: Ball Michael Lessard steals 2nd base 3-1: Called Strike 3-2: Base on Balls
|
|
Batting: LHB Tracy Dophied
|
0-0: Foul Ball, location: 2F 0-1: Ball 1-1: Ground out U3 (Groundball, 23, EV 93.1 MPH) Michael Lessard to third Rusty McNealy to second
|
|
Batting: RHB Glenn Walker
|
0-0: Ball 1-0: Foul Ball, location: 2F 1-1: Called Strike 1-2: Strikes out swinging
|
| Top of the 3rd over - 0 runs, 0 hits, 0 errors, 2 left on base; Shreveport 1 - Memphis 3 |
| BOTTOM OF THE 3RD |
|
Memphis Blues batting - Pitching for Shreveport Braves : RHP Ken Dixon
|
|
Batting: LHB David Christianson
|
0-0: Ball 1-0: SOLO HOME RUN (Flyball, 9D, EV 101.9 MPH), Distance : 349 ft
|
|
Batting: RHB Chris James
|
0-0: Called Strike 0-1: Ball 1-1: Ball 2-1: Called Strike 2-2: Ball 3-2: Strikes out swinging, 2-3 out at first.
|
|
Batting: RHB Randy Filkins
|
0-0: Swinging Strike 0-1: Fly out, F7 (Line Drive, 7, EV 86.9 MPH)
|
|
Batting: RHB Augustine Garrett
|
0-0: Called Strike 0-1: Ball 1-1: Swinging Strike 1-2: SOLO HOME RUN (Flyball, 7D, EV 101.3 MPH), Distance : 369 ft
|
|
Batting: LHB Don Jacoby
|
0-0: Called Strike 0-1: Foul Ball, location: 2F 0-2: Strikes out looking
|
| Bottom of the 3rd over - 2 runs, 2 hits, 0 errors, 0 left on base; Shreveport 1 - Memphis 5 |
| TOP OF THE 4TH |
|
Shreveport Braves batting - Pitching for Memphis Blues : RHP Francisco Reyes
|
|
Batting: RHB Scott Ullger
|
0-0: Ball 1-0: Called Strike 1-1: Fly out, F5 (Popup, 6S, EV 74.4 MPH)
|
|
Batting: RHB Les Pearsey
|
0-0: Ball 1-0: Called Strike 1-1: Foul Ball, location: 2F 1-2: Ball 2-2: Fly out, F8 (Flyball, 89S, EV 90.6 MPH)
|
|
Batting: RHB Jeff Matthews
|
0-0: Called Strike 0-1: Swinging Strike 0-2: Ground out 1-3 (Groundball, 13S, EV 70.6 MPH)
|
| Top of the 4th over - 0 runs, 0 hits, 0 errors, 0 left on base; Shreveport 1 - Memphis 5 |
| BOTTOM OF THE 4TH |
|
Memphis Blues batting - Pitching for Shreveport Braves : RHP Ken Dixon
|
|
Batting: RHB Bradley Shames
|
0-0: Ball 1-0: Ground out U3 (Groundball, 34, EV 103.1 MPH)
|
|
Batting: RHB William Muth
|
0-0: Called Strike 0-1: Ball 1-1: Called Strike 1-2: Ball 2-2: Strikes out looking
|
|
Batting: RHB Mariano Duncan
|
0-0: Ball 1-0: Ball 2-0: Fly out, F8 (Flyball, 8RM, EV 78.8 MPH)
|
| Bottom of the 4th over - 0 runs, 0 hits, 0 errors, 0 left on base; Shreveport 1 - Memphis 5 |
| TOP OF THE 5TH |
|
Shreveport Braves batting - Pitching for Memphis Blues : RHP Francisco Reyes
|
|
Batting: RHB John Lickert
|
0-0: Ball 1-0: Ground out 5-3 (Groundball, 56S, EV 86.3 MPH)
|
|
Batting: SHB Michael Lessard
|
0-0: Called Strike 0-1: SINGLE (Groundball, 6D, EV 105.0 MPH)
|
|
Batting: RHB Mark Naehring
|
0-0: Foul Ball, location: 2F 0-1: Fielders Choice at 2nd, 6-4 (Groundball, 6, EV 85.6 MPH)
|
|
Batting: LHB Rusty McNealy
|
0-0: Ball 1-0: Ground out 6-3 (Groundball, 6M, EV 103.8 MPH)
|
| Top of the 5th over - 0 runs, 1 hit, 0 errors, 1 left on base; Shreveport 1 - Memphis 5 |
| BOTTOM OF THE 5TH |
|
Memphis Blues batting - Pitching for Shreveport Braves : RHP Ken Dixon
|
|
Batting: LHB John Robbins
|
0-0: Foul Ball, location: 2F 0-1: Ball 1-1: Foul Ball, location: 2F 1-2: Foul Ball, location: 2F 1-2: Ball 2-2: Ball 3-2: Strikes out looking
|
|
Batting: LHB David Christianson
|
0-0: SOLO HOME RUN (Line Drive, 7LD, EV 96.9 MPH), Distance : 358 ft
|
|
Pitching: RHP Cecilio Guante
|
|
|
Batting: RHB Chris James
|
0-0: Called Strike 0-1: Called Strike 0-2: Strikes out swinging
|
|
Batting: RHB Randy Filkins
|
0-0: Foul Ball, location: 2F 0-1: Called Strike 0-2: Strikes out swinging
|
| Bottom of the 5th over - 1 run, 1 hit, 0 errors, 0 left on base; Shreveport 1 - Memphis 6 |
| TOP OF THE 6TH |
|
Shreveport Braves batting - Pitching for Memphis Blues : RHP Francisco Reyes
|
|
Batting: LHB Tracy Dophied
|
0-0: Called Strike 0-1: Swinging Strike 0-2: Ball 1-2: Fly out, F9 (Flyball, 9S, EV 81.9 MPH)
|
|
Batting: RHB Glenn Walker
|
0-0: SOLO HOME RUN (Flyball, 7D, EV 98.8 MPH), Distance : 383 ft
|
|
Batting: RHB Scott Ullger
|
0-0: Ball 1-0: Foul Ball, location: 2F 1-1: Ball 2-1: Ball 3-1: Base on Balls
|
|
Batting: RHB Les Pearsey
|
0-0: Ball 1-0: Foul Ball, location: 2F 1-1: Ball 2-1: Fly out, F8 (Flyball, 89D, EV 99.4 MPH)
|
|
Batting: RHB Jeff Matthews
|
0-0: Ball 1-0: Called Strike Scott Ullger steals 2nd base 1-1: Ball 2-1: Ball 3-1: Base on Balls
|
|
Batting: RHB John Lickert
|
0-0: Called Strike 0-1: Foul Ball, location: 2F 0-2: Strikes out swinging
|
| Top of the 6th over - 1 run, 1 hit, 0 errors, 2 left on base; Shreveport 2 - Memphis 6 |
| BOTTOM OF THE 6TH |
|
Memphis Blues batting - Pitching for Shreveport Braves : RHP Cecilio Guante
|
|
Batting: RHB Augustine Garrett
|
0-0: Ball 1-0: Fly out, F7 (Flyball, 7LS, EV 85.0 MPH)
|
|
Batting: LHB Don Jacoby
|
0-0: Ball 1-0: Called Strike 1-1: Ball 2-1: Ball 3-1: Ground out 4-3 (Groundball, 4, EV 100.6 MPH)
|
|
Batting: RHB Bradley Shames
|
0-0: Ball 1-0: Ball 2-0: Called Strike 2-1: Ground out 6-3 (Groundball, 56, EV 87.5 MPH)
|
| Bottom of the 6th over - 0 runs, 0 hits, 0 errors, 0 left on base; Shreveport 2 - Memphis 6 |
| TOP OF THE 7TH |
|
Shreveport Braves batting - Pitching for Memphis Blues : RHP Francisco Reyes
|
|
Batting: SHB Michael Lessard
|
0-0: Ball 1-0: Called Strike 1-1: Foul Ball, location: 2F 1-2: Ball 2-2: SINGLE (Groundball, 34S, EV 65.6 MPH) (infield hit)
|
|
Batting: RHB Mark Naehring
|
0-0: Called Strike 0-1: Swinging Strike 0-2: Strikes out swinging
|
|
Batting: LHB Rusty McNealy
|
0-0: Ball 1-0: Called Strike Michael Lessard steals 2nd base 1-1: Ball 2-1: Called Strike 2-2: Ball 3-2: Fly out, F3 (Line Drive, 3, EV 70.6 MPH)
|
|
Batting: LHB Tracy Dophied
|
0-0: Ball 1-0: DOUBLE (Flyball, 8LXD, EV 95.6 MPH) Michael Lessard scores
|
|
Batting: RHB Glenn Walker
|
0-0: Ball Wild Pitch! Tracy Dophied to third 1-0: SINGLE (Groundball, 4, EV 99.4 MPH) Tracy Dophied scores
|
|
Batting: RHB Scott Ullger
|
0-0: Ball 1-0: Ball 2-0: Called Strike 2-1: Called Strike 2-2: Ball 3-2: SINGLE (Groundball, 6MD, EV 98.8 MPH) Glenn Walker to second Glenn Walker to third
|
|
Pinch Hitting: LHB Mark Lucas
|
0-0: Swinging Strike 0-1: Called Strike 0-2: Ball 1-2: Strikes out swinging passed ball, reaches first! Glenn Walker scores Scott Ullger to second
|
|
Batting: RHB Jeff Matthews
|
0-0: Ball 1-0: Foul Ball, location: 2F 1-1: Ball 2-1: Ball 3-1: Swinging Strike 3-2: Base on Balls Scott Ullger to third Mark Lucas to second
|
|
Pitching: RHP William Purdy
|
|
|
Batting: RHB John Lickert
|
0-0: Called Strike 0-1: Ball 1-1: Ball 2-1: Foul Ball, location: 2F 2-2: Ball 3-2: Foul Ball, location: 2F 3-2: Base on Balls Scott Ullger scores Mark Lucas to third Jeff Matthews to second
|
|
Batting: SHB Michael Lessard
|
0-0: Swinging Strike 0-1: Called Strike 0-2: Ball 1-2: Ball 2-2: Foul Ball, location: 2F 2-2: Ball 3-2: Foul Ball, location: 2F 3-2: Strikes out swinging
|
| Top of the 7th over - 4 runs, 4 hits, 0 errors, 3 left on base; Shreveport 6 - Memphis 6 |
| BOTTOM OF THE 7TH |
|
Memphis Blues batting - Pitching for Shreveport Braves : RHP Cecilio Guante
|
|
Now at 3B: Mark Lucas
|
|
|
Batting: RHB William Muth
|
0-0: Ground out 6-3 (Groundball, 6, EV 81.9 MPH)
|
|
Batting: RHB Mariano Duncan
|
0-0: Called Strike 0-1: Fly out, F9 (Flyball, 89D, EV 110.0 MPH)
|
|
Batting: LHB John Robbins
|
0-0: Ball 1-0: Ball 2-0: Called Strike 2-1: Ball 3-1: Swinging Strike 3-2: Strikes out looking
|
| Bottom of the 7th over - 0 runs, 0 hits, 0 errors, 0 left on base; Shreveport 6 - Memphis 6 |
| TOP OF THE 8TH |
|
Shreveport Braves batting - Pitching for Memphis Blues : RHP William Purdy
|
|
Batting: RHB Mark Naehring
|
0-0: Called Strike 0-1: Foul Ball, location: 2F 0-2: Ball 1-2: Foul Ball, location: 2F 1-2: Foul Ball, location: 2F 1-2: Ball 2-2: Fly out, F7 (Flyball, 7S, EV 78.8 MPH)
|
|
Batting: LHB Rusty McNealy
|
0-0: Called Strike 0-1: Swinging Strike 0-2: Strikes out swinging
|
|
Batting: LHB Tracy Dophied
|
0-0: Ball 1-0: Foul Ball, location: 2F 1-1: Ball 2-1: Called Strike 2-2: Ball 3-2: Fly out, F8 (Flyball, 78M, EV 90.0 MPH)
|
| Top of the 8th over - 0 runs, 0 hits, 0 errors, 0 left on base; Shreveport 6 - Memphis 6 |
| BOTTOM OF THE 8TH |
|
Memphis Blues batting - Pitching for Shreveport Braves : RHP Cecilio Guante
|
|
Batting: LHB David Christianson
|
0-0: Ball 1-0: Called Strike 1-1: Foul Ball, location: 2F 1-2: Foul Ball, location: 2F 1-2: Ball 2-2: Ball 3-2: Base on Balls
|
|
Batting: RHB Chris James
|
0-0: Called Strike 0-1: Ball 1-1: Ball 2-1: Ball 3-1: Called Strike 3-2: SINGLE (Groundball, 56S, EV 97.5 MPH) David Christianson to second
|
|
Pinch Runner at 2nd Darrell Brown:
|
|
|
Batting: RHB Randy Filkins
|
0-0: Called Strike 0-1: Foul Ball, location: 2F 0-2: Ball 1-2: Strikes out swinging
|
|
Pitching: RHP Albert Paglione
|
|
|
Batting: RHB Augustine Garrett
|
0-0: Ball 1-0: Ball 2-0: Ball 3-0: Base on Balls Darrell Brown to third Chris James to second
|
|
Batting: LHB Don Jacoby
|
0-0: Called Strike 0-1: Ball 1-1: Ball 2-1: Foul Ball, location: 2F 2-2: Fly out, F8 (Flyball, 8RD, EV 81.9 MPH) Runner from 3rd tags up, SCORES, no throw by CF
|
|
Batting: RHB Bradley Shames
|
0-0: Swinging Strike 0-1: Ball 1-1: Ground out 4-3 (Groundball, 4, EV 104.4 MPH)
|
| Bottom of the 8th over - 1 run, 1 hit, 0 errors, 2 left on base; Shreveport 6 - Memphis 7 |
| TOP OF THE 9TH |
|
Shreveport Braves batting - Pitching for Memphis Blues : RHP William Purdy
|
|
Pitching: RHP Mark Humphrey
|
|
|
Now at 1B: Darrell Brown
|
|
|
Batting: RHB Glenn Walker
|
0-0: Foul Ball, location: 2F 0-1: Ball 1-1: Ball 2-1: Fly out, F8 (Line Drive, 8RD, EV 104.4 MPH)
|
|
Batting: RHB Scott Ullger
|
0-0: Ground out 6-3 (Groundball, 56S, EV 87.5 MPH)
|
|
Batting: LHB Mark Lucas
|
0-0: Ball 1-0: Swinging Strike 1-1: Ball 2-1: Foul Ball, location: 2F 2-2: SINGLE (Groundball, 34D, EV 97.5 MPH)
|
|
Pinch Hitting: LHB Ronald Walker
|
0-0: Called Strike 0-1: Ball 1-1: Ball 2-1: Called Strike 2-2: Foul Ball, location: 2F 2-2: Fly out, F7 (Flyball, 78M, EV 94.4 MPH)
|
| Top of the 9th over - 0 runs, 1 hit, 0 errors, 1 left on base; Shreveport 6 - Memphis 7 |
|